 Dungeon Crawl Stone Soup version 0.24-a0-59-gc4a3eeb (webtiles) character file.

Game seed: 4363878630269724712

42933 Foxy the Severer (level 14, -6/133 HPs)
             Began as a Hill Orc Gladiator on Feb 5, 2019.
             Was a High Priest of Qazlal.
             Killed from afar by an electric eel (10 damage)
             ... with a bolt of electricity
             ... on level 6 of the Lair of Beasts.
             The game lasted 00:41:49 (21739 turns).

Foxy the Severer (Hill Orc Gladiator)              Turns: 21739, Time: 00:41:50

Health: -6/133     AC: 22    Str: 22    XL:     14   Next: 22%
Magic:  24/24      EV:  9    Int:  8    God:    Qazlal [*****.]
Gold:   602        SH:  7    Dex: 14    Spells: 13/13 levels left

rFire    . . .     SeeInvis .   A - +0 broad axe (freeze)
rCold    . . .     Gourm    .   (no shield)
rNeg     . . .     Faith    +   I - +2 plate armour {MR+}
rPois    .         Spirit   .   c - +0 helmet
rElec    +         Reflect  .   w - +1 cloak {+Inv}
rCorr    .         Harm     .   y - +1 pair of gloves
MR       ++...                  (no boots)
Stlth    ..........             B - amulet of faith
HPRegen  0.32/turn              u - ring of stealth
MPRegen  0.19/turn              D - +2 ring of dexterity

@: protected from electricity, studying Armour, repel missiles
A: no striking features
a: Upheaval, Elemental Force, Disaster Area, Renounce Religion, Evoke
Invisibility


You were on level 6 of the Lair of Beasts.
You worshipped Qazlal.
Qazlal was extremely pleased with you.
You were very hungry.

You visited 4 branches of the dungeon, and saw 18 of its levels.
You also visited: Sewer and Ossuary.

You collected 2143 gold pieces.
You spent 1541 gold pieces at shops.

Inventory:

Hand Weapons
 a - a +0 war axe
 b - a +4 battleaxe of chopping
 r - a +5 flail of crushing
 A - a +0 broad axe of freezing (weapon)
 C - a +0 dire flail of protection
 G - a +0 war axe of electrocution
Missiles
 i - 4 throwing nets (quivered)
Armour
 c - a +0 helmet (worn)
 w - a +1 cloak of invisibility (worn)
 y - a +1 pair of gloves (worn)
 I - a +2 plate armour of magic resistance (worn)
Jewellery
 u - a ring of stealth (left hand)
 B - an amulet of faith (around neck)
 D - a +2 ring of dexterity (right hand)
Wands
 m - a wand of polymorph (4)
 v - a wand of flame (16)
 z - a wand of iceblast (25)
 E - a wand of paralysis (3)
 J - a wand of digging (9)
 K - a wand of disintegration (8)
Scrolls
 d - a scroll of enchant weapon
 e - 17 scrolls of teleportation
 g - 4 scrolls of identify
 n - 5 scrolls of magic mapping
 o - 10 scrolls of remove curse
 p - 2 scrolls of enchant armour
 x - 2 scrolls of fear
Potions
 h - 5 potions of lignification
 j - 4 potions of brilliance
 k - 2 potions of might
 s - 3 potions of haste
 t - 5 potions of flight
 F - 3 potions of resistance
 N - a potion of agility {unknown}
Books
 H - a manual of Armour
Miscellaneous
 M - a phantom mirror
Comestibles
 f - 31 rations


   Skills:
 + Level 14.6 Fighting
 * Level 18.1 Axes
 - Level 1.7 Throwing
 + Level 9.5 Armour
 - Level 5.0 Dodging
 - Level 13.8 Invocations
 + Level 4.9 Evocations


You had 13 spell levels left.
You didn't know any spells.
Your spell library contained the following spells:

 Spells                   Type           Power        Failure   Level  Hunger
 Confusing Touch          Hex            #.....       99%         1    ##.....
 Confuse                  Hex            #.......     100%        3    ####...
 Gell's Gravitas          Tloc           #.........   100%        3    ####...
 Petrify                  Tmut/Erth      #.......     100%        4    #####..
 Irradiate                Conj/Tmut      #.........   100%        5    ######.
 Metabolic Englaciation   Hex/Ice        #.........   100%        5    ######.
 Yara's Violent Unravell  Hex/Tmut       #.........   100%        5    ######.
 Hydra Form               Tmut           #.........   100%        6    #######
 Statue Form              Tmut/Erth      #........    100%        6    #######
 Dragon Form              Tmut           #.........   100%        7    #######


Dungeon Overview and Level Annotations

Branches:
Dungeon (10/15)            Temple (1/1) D:4            Lair (6/6) D:10
  Swamp (0/4) Lair:2       Spider (0/4) Lair:2        Slime (0/5) Lair:6
    Orc (2/2) D:10            Elf (0/3) Orc:2

Altars:
Ashenzari
Cheibriados
Dithmenos
Elyvilon
Fedhas
Gozag
Hepliaklqana
Kikubaaqudgha
Makhleb
Nemelex Xobeh
Okawaru
Qazlal
Ru
Sif Muna
Trog
Uskayaw
Vehumet
Wu Jian
Xom
Yredelemnul
Zin
The Shining One
Beogh

Shops:
D:5 *   D:9 !   Orc:1 }   Orc:2 [:*(

Annotations:
D:5 3 runed translucent doors, Apollo's ghost, novice HOAK
D:7 2 runed translucent doors, Dantiko's ghost, novice FoHu
D:8 3 runed translucent doors, grandjackal's ghost, novice TeMo
Lair:1 1 runed translucent door, Vaobbi's ghost, journeyman TrMo


Message History

You feel yourself speed up.
Okay, then.
You start resting.
You recover from your berserk rage.
Items here: †††††††††††††††††††††† Butcher a bullfrog corpse? [(y)es/(n)o/(a)ll/(q)uit/?]
You butcher the bullfrog corpse.
You butcher the blink frog corpse.
The electric eel shoots out a bolt of lightning at you!
You stop butchering the corpses.
The bolt of electricity hits you!
You stop butchering the corpses.
* * * LOW HITPOINT WARNING * * *
You butcher the blink frog corpse. x4
You hear a croak.
You butcher the bullfrog corpse. x2
You hear a croak.
The electric eel shoots out a bolt of lightning at you!
You stop butchering the corpse.
The bolt of electricity hits you!
You feel protected from electricity.
You die...

*,,,,,,,,,,,≈,,≈≈**≈≈≈
*,,,,,....,,,≈,≈≈**≈≈≈
***,....P,..P.≈≈≈***≈≈
*,**...#,....≈≈≈,*≈≈≈
***##%.##...≈≈≈≈≈**≈≈
*........≈≈≈≈≈**≈≈
##.☼....?P≈≈≈≈,**≈
#.○.....≈≈≈≈≈≈,**,
##@§....PP≈≈≈≈≈≈**≈
#.#§○...P≈≈PP≈≈≈*≈≈
####..;≈≈≈≈#≈≈≈≈*≈,
##.≈≈≈≈≈#*≈≈≈≈≈,
#..≈P≈##***≈≈≈,
**#...≈≈≈≈**≈≈,≈≈
*,#..P≈≈≈PP*≈≈,≈≈
**..#.P.F≈F*≈≈≈,≈
*..#P.≈≈≈≈≈≈≈≈≈,


You could see an electric eel.

Vanquished Creatures
  An orc warlord (Orc:2)
  Snorg (Lair:3)
  Josephine (Orc:1)
  4 hydras
  2 two-headed ogres
  Urug (Orc:2)
  2 orc high priests
  2 orc knights (Orc:2)
  3 orc sorcerers (Orc:2)
  A black mamba (Lair:4)
  3 elephants (Lair:4)
  Maurice (D:8)
  21 spiny frogs
  3 komodo dragons
  A rime drake (Lair:4)
  4 trolls
  A jumping spider (Lair:2)
  A tyrant leech (Lair:6)
  A merfolk (D:10)
  Prince Ribbit (D:7)
  Grinder (D:5)
  10 blink frogs (Lair:6)
  8 hippogriffs
  Sigmund (D:5)
  A wyvern (D:9)
  A redback (Lair:2)
  30 yaks
  3 wraiths
  6 vampire mosquitoes (Lair:6)
  4 basilisks
  2 steam dragons (D:9)
  3 insubstantial wisps (Lair:2)
  A warg (Orc:2)
  Edmund (D:6)
  4 water moccasins
  Duvessa (D:6)
  10 porcupines
  20 orc warriors
  A necrophage (D:6)
  6 phantoms
  A sky beast (D:7)
  11 ogres
  4 centaurs
  15 wolves
  10 crocodiles
  A big kobold (D:7)
  An elf zombie (Ossuary)
  Blork the orc (Orc:2)
  16 bullfrogs
  Dowan (D:6)
  A wyvern skeleton (D:6)
  5 scorpions
  3 killer bees (D:9)
  2 howler monkeys
  A troll zombie (D:10)
  An electric eel (Lair:3)
  2 crimson imps
  6 centaur zombies
  A human zombie (Ossuary)
  2 bullfrog zombies (D:8)
  9 hounds
  2 jellies
  2 bullfrog skeletons
  9 orc priests
  16 orc wizards
  6 iguanas
  7 worker ants
  2 big kobold zombies (Ossuary)
  A hound zombie (D:6)
  7 ogre zombies (D:10)
  A hound skeleton (D:10)
  3 mummies
  A worker ant zombie (D:5)
  7 gnolls
  2 howler monkey skeletons
  19 adders
  2 river rats (Sewer)
  2 shadow imps (D:6)
  An ooze (D:4)
  3 adder skeletons
  4 adder zombies
  2 worms
  3 dart slugs
  9 leopard geckos
  46 orcs
  7 ball pythons (Sewer)
  9 giant cockroaches
  8 goblins
  9 hobgoblins
  9 jackals
  5 quokkas
  10 bats
  9 frilled lizards
  4 goblin zombies
  2 hobgoblin skeletons (D:10)
  15 hobgoblin zombies
  10 kobolds
  8 kobold zombies (Ossuary)
  An orc skeleton (D:10)
  23 orc zombies
  A quokka zombie (D:9)
  8 rats
  A fungus (Lair:1)
559 creatures vanquished.

Vanquished Creatures (collateral kills)
  An orc warrior (D:8)
  An orc wizard (D:8)
  An orc (D:8)
3 creatures vanquished.

Vanquished Creatures (others)
  5 fungi
  24 plants
29 creatures vanquished.

Grand Total: 591 creatures vanquished

Notes
Turn   | Place    | Note
-------+----------+-------------------------------------------
     0 | D:1      | Foxy the Hill Orc Gladiator began the quest for the Orb.
     0 | D:1      | Reached XP level 1. HP: 18/18 MP: 1/1
   318 | D:1      | Reached XP level 2. HP: 25/25 MP: 2/2
   619 | D:1      | Reached XP level 3. HP: 29/30 MP: 3/3
   765 | D:1      | Reached skill level 5 in Axes
  1434 | D:2      | Reached XP level 4. HP: 35/38 MP: 4/4
  1907 | D:3      | Found a snail-covered altar of Cheibriados.
  2269 | D:3      | Reached XP level 5. HP: 45/45 MP: 5/5
  2644 | D:2      | Reached skill level 6 in Axes
  3220 | D:4      | Found a staircase to the Ecumenical Temple.
  3227 | Temple   | Entered the Ecumenical Temple
  3286 | Temple   | Became a worshipper of Qazlal Stormbringer
  3580 | D:4      | Reached XP level 6. HP: 52/52 MP: 6/6
  3632 | D:4      | Reached skill level 7 in Axes
  3632 | D:4      | Reached skill level 1 in Invocations
  3823 | D:4      | Found a sacrificial altar of Ru.
  4038 | D:4      | Reached XP level 7. HP: 47/60 MP: 8/8
  4111 | D:4      | Reached skill level 8 in Axes
  4115 | D:4      | Reached skill level 5 in Fighting
  4809 | D:5      | Entered Level 5 of the Dungeon
  4825 | D:5      | Noticed Grinder
  4837 | D:5      | Killed Grinder
  4837 | D:5      | Reached skill level 9 in Axes
  4837 | D:5      | Reached XP level 8. HP: 44/69 MP: 9/11
  4864 | D:5      | Reached * piety under Qazlal
  4912 | D:5      | Found Zin's Purification Station.
  5063 | D:5      | Found a glowing drain.
  5065 | D:5      | Noticed Sigmund
  5079 | D:5      | Killed Sigmund
  5210 | Sewer    | Entered a sewer
  5452 | Sewer    | Reached ** piety under Qazlal
  5737 | D:5      | Found a glowing silver altar of Zin.
  5857 | D:5      | Found a runed translucent gate.
  5857 | D:5      | Found a runed translucent gate.
  5857 | D:5      | Found a runed translucent gate.
  5858 | D:5      | Noticed Apollo's ghost (novice HOAK)
  6365 | D:6      | Noticed Duvessa
  6373 | D:5      | Reached skill level 5 in Invocations
  6461 | D:6      | Noticed Dowan
  6465 | D:6      | Killed Duvessa
  6465 | D:6      | Reached skill level 10 in Axes
  6466 | D:6      | Killed Dowan
  6466 | D:6      | Reached XP level 9. HP: 39/78 MP: 12/12
  6510 | D:6      | Reached skill level 5 in Dodging
  6531 | D:6      | Found a sand-covered staircase.
  6663 | Ossuary  | Entered an ossuary
  6748 | Ossuary  | Reached *** piety under Qazlal
  7084 | D:6      | Reached skill level 11 in Axes
  7284 | D:6      | Noticed Edmund
  7492 | D:6      | Killed Edmund
  7963 | D:7      | Reached **** piety under Qazlal
  8090 | D:7      | Noticed Prince Ribbit
  8120 | D:7      | Reached skill level 12 in Axes
  8126 | D:7      | Killed Prince Ribbit
  8136 | D:7      | Reached XP level 10. HP: 44/88 MP: 15/15
  8614 | D:7      | Found a large runed translucent door.
  8618 | D:7      | Noticed Dantiko's ghost (novice FoHu)
  8622 | D:7      | Found a large runed translucent door.
  9166 | D:8      | Reached skill level 13 in Axes
  9169 | D:8      | Noticed Maurice
  9178 | D:8      | Killed Maurice
  9680 | D:8      | Found a runed translucent gate.
  9680 | D:8      | Found a runed translucent gate.
  9680 | D:8      | Found a runed translucent gate.
  9685 | D:8      | Noticed grandjackal's ghost (novice TeMo)
 10345 | D:9      | Found Ympoas's Distillery.
 10371 | D:9      | Reached skill level 14 in Axes
 10782 | D:9      | Reached XP level 11. HP: 85/99 MP: 18/18
 11011 | D:9      | Reached skill level 10 in Fighting
 11338 | D:10     | Entered Level 10 of the Dungeon
 11338 | D:10     | Noticed a two-headed ogre
 11373 | D:10     | Reached skill level 10 in Invocations
 11543 | D:9      | Reached skill level 15 in Axes
 11661 | D:10     | Found an ornate altar of the Wu Jian Council.
 11678 | D:10     | Reached ***** piety under Qazlal
 11681 | D:10     | Killed a two-headed ogre
 12701 | D:10     | Found a staircase to the Lair.
 12845 | D:10     | Reached skill level 1 in Armour
 12872 | D:10     | Found a staircase to the Orcish Mines.
 12987 | D:10     | Reached skill level 16 in Axes
 13312 | Lair:1   | Entered Level 1 of the Lair of Beasts
 13616 | Lair:1   | Reached XP level 12. HP: 85/110 MP: 20/20
 13781 | Lair:1   | Found a runed translucent door.
 14158 | Lair:1   | Noticed Vaobbi's ghost (journeyman TrMo)
 14350 | Orc:1    | Entered Level 1 of the Orcish Mines
 14361 | Orc:1    | Noticed Josephine
 14448 | Orc:1    | Killed Josephine
 14472 | Orc:1    | Noticed a two-headed ogre
 14489 | Orc:1    | Killed a two-headed ogre
 14784 | Orc:1    | Found a roughly hewn altar of Beogh.
 14894 | Orc:2    | Entered Level 2 of the Orcish Mines
 15127 | Orc:2    | Reached skill level 5 in Armour
 15719 | Orc:2    | Noticed Urug
 15756 | Orc:2    | Killed Urug
 16147 | Orc:2    | Found a roughly hewn altar of Beogh.
 16605 | Orc:2    | Found a staircase to the Elven Halls.
 16686 | Orc:2    | Noticed an orc warlord
 16701 | Orc:2    | Noticed Blork the orc
 16708 | Orc:2    | Noticed an orc high priest
 16716 | Orc:2    | Killed Blork the orc
 16721 | Orc:2    | Killed an orc warlord
 16723 | Orc:2    | Killed an orc high priest
 16723 | Orc:2    | Reached XP level 13. HP: 32/122 MP: 11/23
 17053 | Orc:2    | Found Roaph's Book Shoppe.
 17167 | Orc:2    | Found Qacudwack's General Store.
 17182 | Orc:2    | Found Igobul's Antique Weapon Shoppe.
 17197 | Orc:2    | Found Woxyc's Antique Armour Shoppe.
 17972 | Orc:1    | Found Vathraom's Gadget Shop.
 18146 | Orc:2    | Bought a manual of Armour for 1324 gold pieces
 18162 | Orc:2    | Bought a glowing cloak for 217 gold pieces
 18300 | Lair:2   | Found a hole to the Spider Nest.
 18318 | Lair:2   | Reached skill level 1 in Evocations
 18852 | Lair:2   | Found a staircase to the Swamp.
 19306 | Lair:3   | Noticed Snorg
 19354 | Lair:4   | HP: 7/184 [porcupine's spines (10)]
 19368 | Lair:4   | HP: 5/184 [wolf (7)]
 19374 | Lair:4   | HP: 9/184 [wolf (4)]
 19379 | Lair:4   | HP: 2/184 [basilisk (9)]
 19781 | Lair:3   | Killed Snorg
 19781 | Lair:3   | Reached skill level 17 in Axes
 21531 | Lair:4   | You fall through a shaft for 2 floors!
 21531 | Lair:6   | Entered Level 6 of the Lair of Beasts
 21596 | Lair:6   | Reached XP level 14. HP: 113/133 MP: 24/24
 21661 | Lair:6   | Reached skill level 18 in Axes
 21715 | Lair:6   | HP: 5/133 [spiny frog (12)]
 21733 | Lair:6   | HP: 2/133 [electric eel/bolt of electricity (10)]
 21739 | Lair:6   | Killed from afar by an electric eel

Vault maps used:
D:1:      dpeg_arrival_boxes_within_box, minmay_misc_feat_iff,
          minmay_hexomino_p4
D:2:      minmay_general_purpose_star
D:3:      kennysheep_slug_shrine
D:4:      minmay_octagon_keep, minmay_temple_entry_mist, first_ration,
          nicolae_ru_great_annihilating_truth
D:5:      zin_purify, gup_sewer_entry_glass, gammafunk_ghost_nasty_kobolds,
          uniq_grinder, uniq_sigmund
D:6:      minmay_bubble_buster, gup_ossuary_entry_pyramid, uniq_edmund,
          uniq_duvessa
D:7:      ebering_ghost_disaster_area, uniq_prince_ribbit1
D:8:      gammafunk_ghost_necromancy, uniq_maurice
D:9:      kennysheep_steamy, serial_shops, shop_coins
D:10:     minmay_lair_entry_grove, zombieorc2_lemuel, basic_altar,
          hangedman_fish_farm
Temple:   kilobyte_greek_temple
Lair:1:   ebering_ghost_reflecting_pool
Lair:2:   minmay_swamp_entry_wisps, spider_nest_entry_a
Lair:3:   gauntlet_entry_generic, serial_bayou_shore_a, uniq_snorg
Lair:4:   grunt_megastairs_3
Lair:6:   minmay_lair_end_frog_pond, minmay_slime_entry_eyes,
          minmay_shattered_shrine
Orc:1:    basic_altar, serial_shops, shop, uniq_josephine
Orc:2:    grunt_orc_cross
Sewer:    sewer_co_cracked_pipes
Ossuary:  ossuary_tomb_1

Skill      XL: |  1  2  3  4  5  6  7  8  9 10 11 12 13 14 |
---------------+-------------------------------------------+-----
Fighting       | 3 4 5 6 8 9 11 13 14 | 14.6
Axes           | 5 6 7 9 10 12 14 16 17 18 | 18.1
Dodging        | 3 4 5 |  5.0
Invocations    | 2 4 5 7 9 11 13 | 13.8
Armour         | 2 5 8 9 |  9.5
Evocations     | 4 |  4.9
Throwing       | |  1.7

Action                   |  1- 3 |  4- 6 |  7- 9 | 10-12 | 13-15 || total
-------------------------+-------+-------+-------+-------+-------++-------
Melee: War axe           |    96 |   207 |   428 |   743 |     1 ||  1475
       Battleaxe         |       |       |       |       |   179 ||   179
       Broad axe         |       |       |       |       |   129 ||   129
       Dire flail        |       |       |       |       |    16 ||    16
       Flail             |       |       |       |       |    10 ||    10
Throw: Throwing net      |     3 |       |       |       |       ||     3
Invok: Elemental Force   |       |       |       |     4 |       ||     4
       Disaster Area     |       |       |       |     4 |       ||     4
       Upheaval          |       |       |       |     1 |       ||     1
Evoke: Wand              |       |       |       |     3 |     6 ||     9
  Use: Scroll            |       |     6 |     5 |    12 |     4 ||    27
       Potion            |       |     1 |     3 |     5 |     8 ||    17
 Stab: Paralysed         |       |       |     2 |     7 |       ||     9
       Invisible         |       |       |       |    12 |       ||    12
  Eat: Chunk             |     1 |     9 |    22 |    20 |     8 ||    60
       Ration            |       |       |       |       |     2 ||     2
Armor: Leather armour    |    18 |    67 |     4 |       |       ||    89
       Skin              |       |    28 |       |       |    78 ||   106
       Chain mail        |       |       |   201 |   255 |       ||   456
       Plate armour      |       |       |       |       |   157 ||   157
Dodge: Dodged            |    56 |   167 |   188 |   262 |   109 ||   782
       Deflected         |       |       |     1 |     7 |     2 ||    10
Block: Other             |       |       |    50 |   149 |    95 ||   294

Table legend:
 A = Non-vault XP
 B = Vault XP
 C = Vault XP percentage of total XP
 D = Non-vault monster count
 E = Vault monster count
 F = Vault count percentage of total count
                 A         B        C        D         E       F
            +---------+---------+-------+---------+---------+-------
      Total |   30435 |   30898 |  50.4 |     318 |     243 |  43.3
            +---------+---------+-------+---------+---------+-------
        D:1 |      46 |       6 |  11.5 |      25 |       3 |  10.7
        D:2 |      94 |      15 |  13.8 |      20 |       2 |   9.1
        D:3 |      76 |       4 |   5.0 |      18 |       1 |   5.3
        D:4 |     446 |     273 |  38.0 |      17 |       9 |  34.6
        D:5 |     453 |     540 |  54.4 |      21 |       8 |  27.6
        D:6 |     631 |     781 |  55.3 |      16 |      13 |  44.8
        D:7 |    1623 |     274 |  14.4 |      25 |       1 |   3.8
        D:8 |     813 |     343 |  29.7 |      23 |       1 |   4.2
        D:9 |    4622 |     377 |   7.5 |      34 |       2 |   5.6
       D:10 |    2607 |    2985 |  53.4 |      23 |      51 |  68.9
     Temple |      69 |       0 |   0.0 |       2 |       0 |   0.0
     Lair:1 |    3300 |       0 |   0.0 |      15 |       0 |   0.0
     Lair:2 |    2090 |    1021 |  32.8 |       6 |       5 |  45.5
     Lair:3 |    3068 |    1202 |  28.1 |      16 |       1 |   5.9
     Lair:4 |    5269 |    1988 |  27.4 |      18 |      12 |  40.0
     Lair:6 |    1182 |   11126 |  90.4 |       2 |      40 |  95.2
      Orc:1 |    2705 |    1585 |  36.9 |      21 |       5 |  19.2
      Orc:2 |    1341 |    7987 |  85.6 |      16 |      34 |  68.0
      Sewer |       0 |      68 | 100.0 |       0 |      17 | 100.0
    Ossuary |       0 |     323 | 100.0 |       0 |      38 | 100.0
            +---------+---------+-------+---------+---------+-------
